 Dungeon Crawl Stone Soup version 0.18-a0-917-g8a3da5b (webtiles) character file.

107275 4thArraOfDagon the Bludgeoner (level 16, -26/214 HPs)
             Began as an Ogre Arcane Marksman on Dec 25, 2015.
             Was the Champion of Okawaru.
             Killed by Shatter
             ... invoked by Jorgrun
              (129 damage)
             ... on level 4 of the Snake Pit on Dec 26, 2015.
             The game lasted 01:52:57 (15861 turns).

4thArraOfDagon the Bludgeoner (OgAM)               Turns: 15861, Time: 01:52:57

Health: -26/214    AC: 25    Str: 24    XL:     16   Next: 46%
Magic:  18/40      EV: 12    Int: 19    God:    Okawaru [******]
Gold:   291        SH:  4    Dex:  8    Spells: 10 memorised, 10 levels left

rFire  . . .     SeeInvis .     O - +3 giant club "Impbane" {crush, +Inv Str+2 Stlth+}
rCold  . . .     Gourm    .     (armour currently unavailable)
rNeg   + . .     Faith    .     (shield currently unavailable)
rPois  ∞         Spirit   .     L - +1 hat {Int+3}
rElec  +         Dismiss  .     z - +1 cloak {+Inv}
rCorr  .         Reflect  +     (gloves unavailable)
SustAt .         Harm     .     (boots unavailable)
MR     ++...                    e - +4 amulet of reflection
Stlth  +++.......               K - ring of protection from magic
                                h - ring "Hyhec" {Wiz Fragile rElec MP+9 Stlth+}

@: statue-form, regenerating, very slow, very resistant to hostile enchantments,
fairly stealthy
A: unfitting armour, (tough skin 0)
a: End Transformation, Heroism, Finesse, Renounce Religion, Evoke Invisibility


You were on level 4 of the Snake Pit.
You worshipped Okawaru.
Okawaru was exalted by your worship.
You were not hungry.
You were a stone statue.
You visited 4 branches of the dungeon, and saw 26 of its levels.
You also visited: Ice Cave and Volcano.

You collected 1898 gold pieces.
You spent 1607 gold pieces at shops.

Inventory:

Hand Weapons
 F - a +2 giant spiked club
 O - the +3 giant club "Impbane" (weapon) {crush, +Inv Str+2 Stlth+}
   (You acquired it on level 4 of the Lair of Beasts)

   It inflicts extra damage upon your enemies.
   It affects your strength (+2).
   It lets you turn invisible.
   It makes you more stealthy.
 P - a +1 executioner's axe of venom
Missiles
 V - 3 throwing nets
 Y - 19 large rocks (quivered)
Armour
 y - the +2 hat "Gosm" {rC- rCorr Dex+7 SInv}
   (Okawaru gifted it to you on level 6 of the Lair of Beasts)

   It affects your dexterity (+7).
   It makes you vulnerable to cold.
   It lets you see invisible.
   It protects you from acid and corrosion.
 z - a +1 cloak of invisibility (worn)
 L - a +1 hat of intelligence (worn)
 S - a +4 troll leather armour (melded)
Rods
 U - a +0 lightning rod (11/11)
   (You found it on level 10 of the Dungeon)
Jewellery
 e - a +4 amulet of reflection (around neck)
 h - the ring "Hyhec" (left hand) {Wiz Fragile rElec MP+9 Stlth+}
   (You bought it in a shop on level 2 of the Snake Pit)

   [ring of wizardry]

   It improves your spell success rate.
   It insulates you from electricity.
   It affects your magic capacity (+9).
   It will be destroyed if unequipped.
   It makes you more stealthy.
 k - an uncursed ring of poison resistance
 u - an uncursed ring of ice
 G - an uncursed ring of positive energy
 J - an uncursed ring of sustain attributes
 K - a ring of protection from magic (right hand)
 M - an uncursed amulet of resist corrosion
 X - an uncursed ring of teleportation
Wands
 g - a wand of digging (11/24)
 r - a wand of draining (12/15)
 T - a wand of disintegration (3/24)
 W - a wand of draining (6/15)
Scrolls
 a - 2 scrolls of fog
 c - a scroll of summoning
 d - a scroll of amnesia
 j - 5 scrolls of noise
 n - 4 scrolls of enchant weapon
 p - 3 scrolls of recharging
 s - 9 scrolls of remove curse
 t - 3 scrolls of teleportation
 A - 6 scrolls of immolation
 N - 2 scrolls of holy word
 Q - 2 scrolls of blinking
Potions
 i - 5 potions of curing
 l - 3 potions of berserk rage
 m - 4 potions of cure mutation
 o - 5 potions of might
 x - 4 potions of agility
 B - a potion of haste
 D - 3 potions of brilliance
 Z - a potion of cancellation
Miscellaneous
 q - a stone of tremors (inert)
 v - a phantom mirror
 I - a plain deck of defence {drawn: 2}
Comestibles
 f - 20 bread rations
 w - 6 meat rations
 H - 13 fruits


   Skills:
 - Level 12.0 Fighting
 * Level 16.2 Maces & Flails
 - Level 2.0 Throwing
 * Level 8.4 Dodging
 + Level 11.0 Spellcasting
 - Level 2.1 Hexes
 - Level 1.9 Charms
 - Level 2.4 Necromancy
 - Level 1.2 Translocations
 - Level 10.5 Transmutations
 - Level 10.3 Earth Magic
 - Level 6.1 Invocations
 - Level 3.1 Evocations


You had 10 spell levels left.
You knew the following spells:

 Your Spells              Type           Power        Failure   Level  Hunger
a - Blink                 Tloc           N/A          4%          2    None
b - Regeneration          Chrm/Necr      ###.......   4%          3    None
c - Apportation           Tloc           ###.......   2%          1    None
d - Statue Form           Trmt/Erth      ######...    7%          6    ######.
e - Stoneskin             Trmt/Erth      ######..     1%          2    None
f - Swiftness             Chrm/Air       ##......     4%          2    None
g - Repel Missiles        Chrm/Air       ##....       4%          2    None
h - Spectral Weapon       Hex/Chrm       ###.....     4%          3    None
i - Song of Sleighing     Chrm           ###.....     2%          2    None
j - Passage of Golubria   Tloc           N/A          22%         4    ##.....


Dungeon Overview and Level Annotations

Branches:
Dungeon (12/15)            Temple (0/1) D:6            Lair (8/8) D:10
 Shoals (0/4) Lair:3        Snake (4/4) Lair:6        Slime (0/6) Lair:6
    Orc (2/2) D:11            Elf (0/3) Orc:2

Altars:
Gozag
Makhleb
Okawaru
Qazlal
Ru
Trog
Xom
Beogh

Shops:
Orc:1 *   Orc:2 (*([=   Snake:2 =

Portals:
Trove: D:12 (give 6 potions of haste)

Annotations:
D:5 Eustachio
D:8 exclusion: oklob plant
D:9 exclusions: ice statue and obsidian statue
Lair:2 exclusion: upstairs
Snake:4 Jorgrun


Innate Abilities, Weirdness & Mutations

You are too large for most types of armour.
((You have tough skin (AC +1).))


Message History

You block Jorgrun's attack.
Unknown command.
Unknown command.
You flatten Jorgrun like a pancake!!!
Jorgrun is heavily wounded.
You hear an angry hiss.
Jorgrun shimmers and vanishes!
Jorgrun closely misses you.
Unknown command.
You closely miss Jorgrun.
Jorgrun is heavily wounded.
Jorgrun hits you but does no damage.
Unknown command.
You barely miss Jorgrun.
Jorgrun is heavily wounded.
Jorgrun casts a spell.
The dungeon rumbles around Jorgrun!
You shudder from the earth-shattering force.
Ouch! That really hurt!
You die...

..# ..# #.## ###
#..# .... #..# #.
....# #..###..# .
.....##......#
####..#
..........#.#
.....##
#......8...#
......#
##.....g..##
......#
#..##.#.)##
....... ..
#.##...## ....#..
. #.##.##..######
.#### .
#..g...........#
.#
...........######
.# .######.#...
.. ..#####


You could see Jorgrun.

Vanquished Creatures
  An Ice Fiend (IceCv)
  5 greater nagas
  Maud (Lair:5)
  An orc warlord (Orc:2)
  Aizul (Snake:4)
  The ghost of Duffy the Unseen, a journeyman SpEn of Ashenzari (Lair:8)
  7 naga warriors
  6 hydras
  A catoblepas (Lair:8)
  7 anacondas
  4 death yaks
  7 naga sharpshooters
  4 orc high priests
  2 shock serpents
  3 sea snakes (Snake:4)
  An unseen horror (D:11)
  A hill giant (D:12)
  4 naga ritualists
  3 orc knights
  4 cyclopes
  4 orc sorcerers (Orc:2)
  2 deep elf magi (D:11)
  2 manticores (Lair:8)
  4 mana vipers
  2 salamanders (Snake:4)
  2 griffons (Lair:8)
  7 naga magi
  Maurice (D:10)
  2 ice statues (IceCv)
  8 elephants
  4 guardian serpents
  A gargoyle (D:10)
  10 spiny frogs
  29 black mambas
  11 ice devils (IceCv)
  12 komodo dragons
  2 freezing wraiths (Snake:3)
  3 fire drakes
  An anaconda simulacrum (IceCv)
  A golden dragon simulacrum (IceCv)
  A polar bear (Lair:8)
  5 trolls
  A two-headed ogre (Orc:1)
  13 blink frogs
  The ghost of Conn321 the Conjurer, an amateur OpCj of Sif Muna (D:5)
  3 redbacks (D:11)
  3 wyverns
  2 basilisks
  31 yaks
  19 nagas
  A fire elemental (Volcano)
  23 wolves
  8 hippogriffs
  A soldier ant (D:11)
  2 iron troll simulacra (IceCv)
  5 wargs
  5 hydra simulacra (IceCv)
  18 water moccasins
  11 porcupines
  An ettin simulacrum (IceCv)
  An ice beast (D:6)
  A phantom (D:4)
  24 orc warriors
  8 ogres
  A wasp (D:6)
  6 centaurs
  15 crocodiles
  A big kobold (D:8)
  14 giant frogs
  A gnoll sergeant (D:9)
  3 killer bees
  3 scorpions
  5 wights (D:11)
  3 crimson imps
  2 centaur zombies
  A jelly (D:10)
  5 hounds
  10 orc priests
  3 giant frog zombies
  Jessica (D:2)
  2 giant frog skeletons (D:7)
  7 iguanas
  16 orc wizards
  27 sheep
  5 worker ants
  A hound zombie (D:6)
  2 hound skeletons
  4 gnolls (D:9)
  36 river rats
  9 adders
  3 shadow imps
  An adder zombie (D:8)
  2 worms
  69 orcs
  8 hobgoblins
  13 jackals
  2 quokkas
  3 ball pythons
  5 bats
  6 giant cockroaches
  7 giant geckos
  3 giant gecko skeletons
  A giant newt (D:4)
  7 goblins
  A jackal skeleton (D:4)
  A jackal zombie (D:6)
  8 kobolds
  A quokka skeleton (D:5)
  9 rats
  2 fungi
695 creatures vanquished.

Vanquished Creatures (collateral kills)
  A siren (Lair:3)
  An efreet (Volcano)
2 creatures vanquished.

Vanquished Creatures (others)
  A naga (Snake:4)
  A bush (D:9)
  11 fungi
  6 plants (D:10)
19 creatures vanquished.

Grand Total: 716 creatures vanquished

Notes
Turn   | Place    | Note
--------------------------------------------------------------
     0 | D:1      | 4thArraOfDagon the Ogre Arcane Marksman began the quest for the Orb.
     0 | D:1      | Reached XP level 1. HP: 19/19 MP: 2/2
   209 | D:1      | Reached XP level 2. HP: 7/29 MP: 1/3
   319 | D:1      | Reached skill level 1 in Maces & Flails
   507 | D:1      | Reached skill level 3 in Fighting
   557 | D:1      | Reached XP level 3. HP: 17/37 MP: 2/4
   685 | D:2      | Noticed Jessica
   698 | D:2      | Killed Jessica
   866 | D:2      | Reached XP level 4. HP: 43/46 MP: 0/5
  1387 | D:3      | Reached skill level 4 in Maces & Flails
  1471 | D:2      | Found an iron altar of Okawaru.
  1484 | D:2      | hmmm
  1488 | D:2      | Became a worshipper of Warmaster Okawaru
  1695 | D:4      | Reached XP level 5. HP: 52/54 MP: 6/6
  1781 | D:4      | Noticed a phantom
  1968 | D:5      | Entered Level 5 of the Dungeon
  1968 | D:5      | Noticed Conn321's ghost (amateur OpCj)
  1986 | D:4      | Noticed an ogre
  2116 | D:4      | Reached skill level 5 in Maces & Flails
  2182 | D:4      | Killed an ogre
  2182 | D:4      | Reached XP level 6. HP: 63/65 MP: 3/7
  2215 | D:4      | Reached * piety under Okawaru
  2215 | D:4      | Reached skill level 5 in Fighting
  2215 | D:4      | Reached skill level 6 in Maces & Flails
  2502 | D:5      | Reached skill level 7 in Maces & Flails
  2588 | D:5      | JokEr: siemanko, wesłoych świąt :P
  2597 | D:5      | Killed Conn321's ghost
  2597 | D:5      | Reached skill level 1 in Invocations
  2597 | D:5      | Reached XP level 7. HP: 58/74 MP: 6/8
  2622 | D:5      | Reached skill level 8 in Maces & Flails
  2633 | D:5      | 4thArraOfDagon: heja a dziekuja :D
  2659 | D:5      | 4thArraOfDagon: juz tyle sie najadlem
  2659 | D:5      | 4thArraOfDagon: nic nie jestem wstanie robic oprocz crawlera :D
  2858 | D:5      | Found a sacrificial altar of Ru.
  2919 | D:5      | Reached XP level 8. HP: 36/84 MP: 7/9
  3041 | D:5      | Noticed Eustachio
  3060 | D:5      | Reached ** piety under Okawaru
  3060 | D:5      | Reached skill level 9 in Maces & Flails
  3067 | D:5      | Turgon: Slouch?
  3372 | D:5      | JokEr: haha ja dopiero przed śniadaniem, ale w crawla pograć trzeba ;d
  3414 | D:5      | 4thArraOfDagon: no, musisz wreszcie cos wygrac
  3414 | D:5      | 4thArraOfDagon: ile juz grasz w ta gierke?
  3623 | D:7      | Learned a level 2 spell: Slow
  3790 | D:6      | Found a burning altar of Makhleb.
  3827 | D:6      | Found a bloodstained altar of Trog.
  3965 | D:6      | HP: 2/87 [wasp (12)]
  4012 | D:6      | Reached skill level 10 in Maces & Flails
  4172 | D:6      | Found a staircase to the Ecumenical Temple.
  4228 | D:6      | Found an opulent altar of Gozag.
  4334 | D:7      | Reached XP level 9. HP: 77/94 MP: 10/12
  4584 | D:8      | Got a smoking mace
  4585 | D:8      | Identified the +4 mace of Infinite Pain {holy, Dex+5} (You found it on level 8 of the Dungeon)
  4591 | D:8      | Noticed an oklob plant
  4592 | D:8      | y
  4737 | D:8      | Found a stormy altar of Qazlal.
  4912 | D:9      | Reached skill level 5 in Invocations
  4959 | D:9      | Noticed an ice statue
  5069 | D:9      | Learned a level 1 spell: Apportation
  5183 | D:9      | Found a shimmering altar of Xom.
  5358 | D:8      | Learned a level 6 spell: Statue Form
  5633 | D:9      | Reached skill level 11 in Maces & Flails
  5787 | D:9      | JokEr: zeby cie nie sklamac
  5788 | D:9      | JokEr: to z 1,5miesciaca
  5793 | D:9      | Reached skill level 1 in Transmutations
  5843 | D:10     | Entered Level 10 of the Dungeon
  5843 | D:10     | Noticed a gargoyle
  5847 | D:9      | JokEr: powiem tak, moglbym zrobic 3 runy i wygrac gre, ale jakos wole odrazu zrobic extended
  5853 | D:9      | JokEr: ;p
  5858 | D:9      | Reached skill level 1 in Earth Magic
  5994 | D:10     | Killed a gargoyle
  5994 | D:10     | Reached XP level 10. HP: 69/106 MP: 11/14
  6026 | D:10     | Reached *** piety under Okawaru
  6056 | D:10     | :/
  6260 | D:10     | Found an iron altar of Okawaru.
  6302 | D:10     | Noticed Maurice
  6308 | D:10     | 4thArraOfDagon: rozumiem, mam to samo :D
  6328 | D:10     | Killed Maurice
  6349 | D:10     | 4thArraOfDagon: wszystko albo nic
  6352 | D:10     | JokEr: dokladnie ;D
  6390 | D:10     | Received a gift from Okawaru
  6447 | D:9      | Noticed an obsidian statue
  6505 | D:10     | Found a staircase to the Lair.
  6559 | D:10     | Reached skill level 12 in Maces & Flails
  6832 | D:11     | Found a staircase to the Orcish Mines.
  6871 | D:11     | Reached **** piety under Okawaru
  6917 | D:11     | smite city 24/7
  6938 | D:11     | Reached skill level 5 in Dodging
  6950 | D:11     | Noticed a deep elf mage
  6957 | D:11     | Killed a deep elf mage
  6957 | D:11     | Reached XP level 11. HP: 21/115 MP: 13/16
  7225 | D:11     | Killed an unseen horror
  7241 | D:11     | Learned a level 2 spell: Stoneskin
  7388 | D:11     | Received a gift from Okawaru
  7469 | D:12     | Noticed a hill giant
  7484 | D:12     | Killed a hill giant
  7484 | D:12     | Reached skill level 10 in Fighting
  7513 | D:12     | Found a portal to a secret trove of treasure.
  7531 | D:12     | Got an ichor-stained falchion
  7581 | D:11     | JokEr: Mam takie pytanko natury technicznej;p, bedac monkiem i walac z laby moge nosic tarcze ?;d
  7589 | D:11     | JokEr: lapy*
  7589 | D:11     | 4thArraOfDagon: mozesz
  7589 | D:11     | JokEr: o to spoko
  7589 | D:11     | 4thArraOfDagon: natomiast mniejszy dmg bedzie
  7589 | D:11     | 4thArraOfDagon: ja bym nosil tarcze tylko wtedy gdy jest dobra
  7589 | D:11     | JokEr: no właśnie tak myślałem że będzie jakiś -
  7589 | D:11     | 4thArraOfDagon: jaka masz?
  7609 | D:11     | JokEr: large shield +2
  7622 | D:11     | 4thArraOfDagon: ehh
  7622 | D:11     | JokEr: tak wiec raczej zostane
  7622 | D:11     | 4thArraOfDagon: +2large jest dobra
  7622 | D:11     | 4thArraOfDagon: i warto nosic
  7622 | D:11     | JokEr: hm
  7622 | D:11     | 4thArraOfDagon: podladuj z 15 do tarcz i bedziesz git
  7694 | Orc:1    | Entered Level 1 of the Orcish Mines
  7694 | Orc:1    | Found Esui's General Store.
  7695 | Orc:1    | JokEr: ok dzieki :p
  7761 | D:11     | Reached skill level 13 in Maces & Flails
  7761 | D:11     | Reached skill level 5 in Spellcasting
  7787 | Orc:1    | Found a roughly hewn altar of Beogh.
  7792 | Orc:1    | Bought a scroll of fog for 28 gold pieces
  7792 | Orc:1    | Bought a scroll of identify for 28 gold pieces
  7792 | Orc:1    | Bought a scroll of summoning for 133 gold pieces
  7826 | Orc:1    | Found a dark tunnel.
  7860 | Volcano  | Entered a volcano
  7885 | Volcano  | 4thArraOfDagon: cos laguje
  8163 | Orc:1    | Reached ***** piety under Okawaru
  8225 | Orc:1    | JokEr: w tej chwili akurat nie mam lagow ale wlasnie zauwazylem ze ostatnio cos im laguje moze przez te updatey
  8288 | Orc:1    | 4thArraOfDagon: ja mam kijowy transfer tutaj
  8288 | Orc:1    | 4thArraOfDagon: przyjechal na swieta do rodziny
  8288 | Orc:1    | 4thArraOfDagon: normalnie mam 100mbitow
  8288 | Orc:1    | 4thArraOfDagon: a tu mam 10 i to na 5 osob
  8376 | Orc:2    | Entered Level 2 of the Orcish Mines
  8376 | Orc:2    | Found Pagi's Antique Weapon Shoppe.
  8376 | Orc:2    | Noticed an orc knight
  8381 | Orc:1    | Reached skill level 5 in Earth Magic
  8381 | Orc:1    | Reached XP level 12. HP: 101/126 MP: 19/19
  8600 | Orc:1    | Noticed an orc high priest
  8613 | Orc:1    | Reached skill level 5 in Transmutations
  8644 | Orc:1    | Killed an orc high priest
  8674 | Orc:2    | Noticed an orc high priest
  8678 | Orc:2    | Killed an orc high priest
  8864 | Orc:2    | Noticed an orc high priest
  8895 | Orc:2    | Killed an orc high priest
  9094 | Orc:2    | Reached skill level 14 in Maces & Flails
  9144 | Orc:2    | Found Yrubequrgh's General Store.
  9152 | Orc:2    | Bought a scroll of identify for 24 gold pieces
  9152 | Orc:2    | Bought a potion of curing for 36 gold pieces
  9152 | Orc:2    | Bought a potion of degeneration for 12 gold pieces
  9152 | Orc:2    | Bought a potion of might for 48 gold pieces
  9233 | Orc:2    | Found Buler's Jewellery Shoppe.
  9482 | Orc:2    | Noticed an orc high priest
  9492 | Orc:2    | Killed an orc high priest
  9542 | Orc:2    | Found a bloodstained altar of Trog.
  9564 | Orc:2    | Found Xaufuga's Antique Armour Shoppe.
  9605 | Orc:2    | Noticed an orc warlord
  9617 | Orc:2    | Killed an orc warlord
  9617 | Orc:2    | Received a gift from Okawaru
  9643 | Orc:2    | Found a staircase to the Elven Halls.
  9678 | Orc:2    | Reached XP level 13. HP: 118/137 MP: 22/22
  9711 | Orc:2    | Found Uzus Ut Gyst's Antique Weapon Shop.
  9719 | Orc:2    | Bought a glowing morningstar for 88 gold pieces
  9725 | Orc:2    | JokEr: ja mam podobnie tylko ze 20mb na 5 osob ale to i tak nie da sie nic robic ;x
  9743 | Orc:2    | JokEr: ja lece na sniadanie tak wiec z/w
  9743 | Orc:2    | 4thArraOfDagon: drewniany internet
  9743 | Orc:2    | 4thArraOfDagon: znam to :D
  9770 | Orc:2    | Bought a +4 amulet of reflection for 375 gold pieces
  9770 | Orc:2    | Bought an uncursed ring of poison resistance for 300 gold pieces
  9895 | Lair:1   | Entered Level 1 of the Lair of Beasts
 10892 | Lair:2   | Reached skill level 1 in Evocations
 11073 | Lair:3   | Found a staircase to the Shoals.
 11115 | Lair:3   | Reached skill level 15 in Maces & Flails
 11285 | Lair:3   | Received a gift from Okawaru
 11738 | Lair:4   | Identified a scroll of acquirement
 11739 | Lair:4   | Got a slimy giant club
 11743 | Lair:4   | Identified the +3 giant club "Impbane" {crush, +Inv Str+2 Stlth+} (You acquired it on level 4 of the Lair of Beasts)
 12020 | Lair:5   | Learned a level 2 spell: Swiftness
 12023 | Lair:5   | Learned a level 2 spell: Repel Missiles
 12104 | Lair:5   | Noticed Maud
 12130 | Lair:5   | Killed Maud
 12130 | Lair:5   | Reached XP level 14. HP: 117/149 MP: 18/25
 12428 | Lair:6   | Received a gift from Okawaru
 12453 | Lair:6   | Got an ancient hat {god gift}
 12459 | Lair:6   | Identified the +2 hat "Gosm" {rC- rCorr Dex+7 SInv} (Okawaru gifted it to you on level 6 of the Lair of Beasts)
 12570 | Lair:6   | Found a staircase to the Snake Pit.
 12658 | Lair:6   | Found a staircase to the Slime Pits.
 12914 | Lair:7   | Learned a level 3 spell: Regeneration
 12918 | Lair:7   | Learned a level 3 spell: Spectral Weapon
 12921 | Lair:7   | Learned a level 2 spell: Song of Sleighing
 12921 | Lair:7   | sleighting
 12921 | Lair:7   | xd
 12921 | Lair:7   | Merry Christmas devs!
 13227 | Lair:8   | Entered Level 8 of the Lair of Beasts
 13386 | Lair:8   | Reached skill level 1 in Necromancy
 13406 | Lair:8   | Reached skill level 1 in Charms
 13514 | Lair:8   | Received a gift from Okawaru
 13553 | Lair:8   | Learned a level 2 spell: Blink
 13558 | Lair:8   | Learned a level 4 spell: Passage of Golubria
 13638 | Lair:8   | Noticed Duffy's ghost (journeyman SpEn)
 13726 | Lair:8   | Killed Duffy's ghost
 13726 | Lair:8   | Reached skill level 1 in Translocations
 13740 | Lair:8   | Reached XP level 15. HP: 143/156 MP: 28/28
 13744 | Lair:8   | tough one!
 13831 | Lair:8   | Upgraded the game from 0.18-a0-912-g81d1dc4 to 0.18-a0-917-g8a3da5b
 14129 | Snake:1  | Entered Level 1 of the Snake Pit
 14447 | Snake:2  | Found Oxidgh's Jewellery Shoppe.
 14457 | Snake:2  | Bought the ring "Hyhec" {Wiz Fragile rElec MP+9 Stlth+} for 535 gold pieces
 14602 | Snake:2  | Reached ****** piety under Okawaru
 14722 | Snake:3  | Found a frozen archway.
 14738 | IceCv    | Entered an ice cave
 14759 | IceCv    | Reached skill level 10 in Spellcasting
 14831 | IceCv    | Noticed an Ice Fiend
 14934 | IceCv    | Killed an Ice Fiend
 14934 | IceCv    | Reached skill level 10 in Transmutations
 14937 | IceCv    | Received a gift from Okawaru
 15254 | Snake:4  | Entered Level 4 of the Snake Pit
 15254 | Snake:4  | Noticed a greater naga
 15281 | Snake:3  | Noticed a greater naga
 15292 | Snake:3  | Killed a greater naga
 15409 | Snake:4  | Reached skill level 10 in Earth Magic
 15500 | Snake:4  | Noticed a greater naga
 15537 | Snake:4  | Received a gift from Okawaru
 15542 | Snake:4  | Reached XP level 16. HP: 165/165 MP: 24/30
 15616 | Snake:4  | Received a gift from Okawaru
 15773 | Snake:4  | Reached skill level 16 in Maces & Flails
 15825 | Snake:4  | Noticed Jorgrun
 15828 | Snake:4  | Noticed Aizul
 15834 | Snake:4  | Killed Aizul
 15838 | Snake:4  | Turgon: unique party?
 15853 | Snake:4  | 4thArraOfDagon: wish i knew haha
 15856 | Snake:4  | Turgon: at least aizul + jorgrun
 15861 | Snake:4  | Killed from afar by Jorgrun

Vault maps used:
D:1:      eino_arrival_cavern_b
D:2:      lemuel_crystal_altar, uniq_jessica
D:3:      tgw_sif, first_bread
D:5:      nicolae_ru_great_annihilating_truth, uniq_eustachio
D:6:      nicolae_overflow_hidden_temple, old_standard_altar,
          nicolae_gozag_cash_rules_everything_around_me, temple_statues,
          serial_glass, glass_columns_b, glass_columns_a, glass_columns_a,
          glass_columns_a
D:7:      lemuel_round_altar
D:8:      overflow_temple_1_default, serial_corexii_hall,
          corexii_hall_statues_u, corexii_hall_statues_u, blue_anna_alchemist,
          nrook_mini_vaults, lemuel_oklob_altar
D:9:      minmay_separated_statues, lemuel_round_altar, minmay_holes,
          kb_lookout_dungeons_type
D:10:     minmay_lair_entry_grove, okawaru_trees_2, uniq_maurice
D:11:     hiddenorc2_lemuel
D:12:     enter_trove_3, spider_trap
Lair:1:   st_stairs_11, serial_bayou_shore_b, grunt_megastairs_4,
          infiniplex_staircase_pool_2
Lair:2:   st_stairs_7
Lair:3:   beast_lair_carwin_large_3, minmay_shoals_entry_lonely_mermaid,
          serial_bayou_shore_b
Lair:4:   st_stairs_11, beast_lair_carwin_10
Lair:5:   basic_altar, grunt_forest_small_clearing_treed, uniq_maud
Lair:6:   minmay_snake_entry_six_corridors, slime_dummy
Lair:7:   minivault_24
Lair:8:   hangedman_lair_in_review
Snake:1:  nicolae_snake_serpentine_hallways, st_stairs_10, uniq_kirke
Snake:2:  serial_shops, nicolae_shop_temple_entry_statues_fountains, shop, shop,
          shop
Snake:3:  portal_ice_cave_entry_frozen_things, lemuel_fruit_tree
Snake:4:  grunt_snake_rune_pools, uniq_aizul, uniq_jorgrun
Orc:1:    nicolae_volcano_entry_lava_flow, basic_altar, serial_shops,
          nicolae_shop_crystal
Orc:2:    grunt_orc_gardens, grunt_orc_garden, grunt_orc_garden,
          grunt_orc_garden, grunt_orc_garden, serial_shops, shop, bloody_trog
IceCv:    ice_cave_tombish
Volcano:  volcano_overflow

Action                   |  1- 3 |  4- 6 |  7- 9 | 10-12 | 13-15 | 16-18 || total
-------------------------+-------+-------+-------+-------+-------+-------++-------
Melee: Unarmed           |    22 |       |       |       |       |       ||    22
       Mace              |    24 |   123 |     9 |       |       |       ||   156
       Club              |     4 |       |       |       |       |       ||     4
       Giant club        |       |    31 |   159 |       |   756 |    96 ||  1042
       Giant spiked club |       |       |    76 |   569 |   314 |       ||   959
       Flail             |       |       |       |     8 |       |       ||     8
Throw: Large rock        |    19 |     7 |    10 |    40 |    44 |       ||   120
       Stone             |    24 |    26 |    19 |       |       |       ||    69
       Throwing net      |     1 |     2 |     5 |       |       |       ||     8
 Cast: Corona            |    29 |    35 |    13 |    10 |       |       ||    87
       Apportation       |       |       |     9 |     6 |    16 |     1 ||    32
       Repel Missiles    |       |       |       |       |     5 |       ||     5
       Regeneration      |       |       |       |       |    42 |    23 ||    65
       Statue Form       |       |       |       |       |    10 |     4 ||    14
       Spectral Weapon   |       |       |       |       |     1 |     1 ||     2
       Stoneskin         |       |       |       |       |     1 |       ||     1
       Blink             |       |       |       |       |       |     1 ||     1
Invok: Heroism           |       |     1 |    12 |    32 |    36 |     2 ||    83
       Finesse           |       |       |       |     1 |     4 |       ||     5
 Abil: Evoke Teleportati |       |       |       |       |     1 |       ||     1
Evoke: Wand              |       |       |     6 |     5 |     8 |       ||    19
       Rod               |       |       |       |     3 |       |       ||     3
       Deck              |       |       |       |       |     2 |       ||     2
       Stone of tremors  |       |       |       |       |     1 |     1 ||     2
       Phantom mirror    |       |       |       |       |       |     1 ||     1
  Use: Scroll            |       |     8 |     6 |    11 |    24 |     3 ||    52
       Potion            |       |       |     5 |     4 |     5 |       ||    14
 Stab: Sleeping          |       |     3 |     2 |     3 |    11 |     1 ||    20
       Paralysed         |       |       |     1 |       |       |       ||     1
       Distracted        |       |       |     2 |       |       |       ||     2
       Invisible         |       |       |     1 |       |       |       ||     1
       Held in net/web   |       |       |     1 |       |       |       ||     1
  Eat: Chunk             |     1 |     7 |    13 |    17 |    10 |       ||    48
       Pizza             |       |       |     1 |       |     1 |       ||     2
       Fruit             |       |       |       |       |    15 |    10 ||    25
       Royal jelly       |       |       |       |       |     2 |       ||     2
       Beef jerky        |       |       |       |       |     1 |       ||     1
